TOP OF THE 1ST |
Delaware 1787 BC batting - Pitching for Highwood Hawks : RHP Cisco Ortíz
|
Pitching: RHP Cisco Ortíz
|
|
Batting: RHB José López
|
0-0: Called Strike 0-1: Foul Ball, location: 2F 0-2: Fly out, F7 (Line Drive, 7S)
|
Batting: RHB Gianpaolo Monachino
|
0-0: Ball 1-0: Ground out 5-3 (Groundball, 5L)
|
Batting: RHB Nobuhiko Nakayama
|
0-0: Ball 1-0: Swinging Strike 1-1: Foul Ball, location: 2F 1-2: Ball 2-2: Foul Ball, location: 2F 2-2: Strikes out swinging, 2-3 out at first.
|
Top of the 1st over - 0 run(s), 0 hit(s), 0 error(s), 0 left on base; Delaware 0 - Highwood 0 |
BOTTOM OF THE 1ST |
Highwood Hawks batting - Pitching for Delaware 1787 BC : RHP Brian Fixel
|
Pitching: RHP Brian Fixel
|
|
Batting: RHB Pepe Álvarez
|
0-0: Ball 1-0: Ball 2-0: Ball 3-0: Called Strike 3-1: Base on Balls
|
Batting: RHB Júlio Becerra
|
0-0: Ball 1-0: Called Strike 1-1: Ball 2-1: Ball 3-1: Foul Ball, location: 2F 3-2: Grounds into double play, 4-6-3 (Groundball, 4)
|
Batting: LHB Curt Wilson
|
0-0: Ball 1-0: Ball 2-0: Ball 3-0: Base on Balls
|
Batting: RHB António Acosta
|
0-0: Called Strike 0-1: Ball 1-1: Called Strike 1-2: Strikes out swinging
|
Bottom of the 1st over - 0 run(s), 0 hit(s), 0 error(s), 1 left on base; Delaware 0 - Highwood 0 |
TOP OF THE 2ND |
Delaware 1787 BC batting - Pitching for Highwood Hawks : RHP Cisco Ortíz
|
Batting: RHB Gilberto Rodríguez
|
0-0: Fly out, F7 (Flyball, 78M)
|
Batting: RHB Felipe Bruno
|
0-0: Ball 1-0: Ball 2-0: Fly out, F7 (Flyball, 7S)
|
Batting: RHB Jorge Figueroa
|
0-0: Ball 1-0: Called Strike 1-1: DOUBLE (Line Drive, 9LS)
|
Batting: RHB Rick McGuire
|
0-0: Called Strike 0-1: Swinging Strike 0-2: Strikes out looking
|
Top of the 2nd over - 0 run(s), 1 hit(s), 0 error(s), 1 left on base; Delaware 0 - Highwood 0 |
BOTTOM OF THE 2ND |
Highwood Hawks batting - Pitching for Delaware 1787 BC : RHP Brian Fixel
|
Batting: LHB Scott Janousek
|
0-0: Foul Ball, location: 2F 0-1: Foul Ball, location: 2F 0-2: Ball 1-2: Foul Ball, location: 2F 1-2: Ball 2-2: Ball 3-2: Base on Balls
|
Batting: RHB James Hill
|
0-0: Grounds into double play, 6-4-3 (Groundball, 6)
|
Batting: RHB Robert Emmet Odlum
|
0-0: Ball 1-0: Called Strike 1-1: SINGLE (Flyball, 7S)
|
Batting: RHB Rojo Nasution
|
0-0: Ball 1-0: Ball Robert Emmet Odlum steals 2nd base 2-0: SINGLE (Groundball, 6M) Robert Emmet Odlum to third Runner from 3rd tries for Home, SAFE, no throw or cutoff
|
Batting: RHB Harry Freidricks
|
0-0: Ball 1-0: Swinging Strike Single, Error in OF, E7, batter to second base Rojo Nasution to third
|
Batting: RHB Pepe Álvarez
|
0-0: Fly out, F8 (Flyball, 8LD)
|
Bottom of the 2nd over - 1 run(s), 3 hit(s), 1 error(s), 2 left on base; Delaware 0 - Highwood 1 |
TOP OF THE 3RD |
Delaware 1787 BC batting - Pitching for Highwood Hawks : RHP Cisco Ortíz
|
Batting: LHB Ward Wilberfoss
|
0-0: Fly out, F7 (Flyball, 78M)
|
Batting: RHB Thurman Blumer
|
0-0: Ball 1-0: Ball 2-0: Ground out 4-3 (Groundball, 4)
|
Batting: RHB José López
|
0-0: Swinging Strike 0-1: Swinging Strike 0-2: Ball 1-2: Strikes out swinging
|
Top of the 3rd over - 0 run(s), 0 hit(s), 0 error(s), 0 left on base; Delaware 0 - Highwood 1 |
BOTTOM OF THE 3RD |
Highwood Hawks batting - Pitching for Delaware 1787 BC : RHP Brian Fixel
|
Batting: RHB Júlio Becerra
|
0-0: Foul Ball, location: 2F 0-1: Called Strike 0-2: Foul Ball, location: 2F 0-2: Ball 1-2: Strikes out looking
|
Batting: LHB Curt Wilson
|
0-0: Ball 1-0: Ball 2-0: Called Strike 2-1: Foul Ball, location: 2F 2-2: SINGLE (Groundball, 15) (infield hit)
|
Batting: RHB António Acosta
|
0-0: Grounds into double play, 5-4-3 (Groundball, 5L)
|
Bottom of the 3rd over - 0 run(s), 1 hit(s), 0 error(s), 0 left on base; Delaware 0 - Highwood 1 |
TOP OF THE 4TH |
Delaware 1787 BC batting - Pitching for Highwood Hawks : RHP Cisco Ortíz
|
Batting: RHB Gianpaolo Monachino
|
0-0: Ball 1-0: Ground out 4-3 (Groundball, 13)
|
Batting: RHB Nobuhiko Nakayama
|
0-0: Swinging Strike 0-1: Fly out, F5 (Line Drive, 56)
|
Batting: RHB Gilberto Rodríguez
|
0-0: Swinging Strike 0-1: Foul Ball, location: 2F 0-2: Ball 1-2: Strikes out swinging
|
Top of the 4th over - 0 run(s), 0 hit(s), 0 error(s), 0 left on base; Delaware 0 - Highwood 1 |
BOTTOM OF THE 4TH |
Highwood Hawks batting - Pitching for Delaware 1787 BC : RHP Brian Fixel
|
Batting: LHB Scott Janousek
|
0-0: Called Strike 0-1: Called Strike 0-2: Foul Ball, location: 2F 0-2: SINGLE (Line Drive, 4MD)
|
Batting: RHB James Hill
|
0-0: Ball 1-0: Ball 2-0: SINGLE (Line Drive, 78S) Scott Janousek to second
|
Batting: RHB Robert Emmet Odlum
|
0-0: Ball 1-0: Called Strike 1-1: Ball 2-1: Swinging Strike 2-2: Ball 3-2: Base on Balls Scott Janousek to third James Hill to second
|
Batting: RHB Rojo Nasution
|
0-0: Ball 1-0: Ball 2-0: Called Strike 2-1: Ball 3-1: Swinging Strike 3-2: Foul Ball, location: 2F 3-2: Foul Ball, location: 2F 3-2: Strikes out swinging
|
Batting: RHB Harry Freidricks
|
0-0: Ball 1-0: Ball 2-0: Fly out, F6 (Popup, 6D)
|
Batting: RHB Pepe Álvarez
|
0-0: Ball 1-0: Foul Ball, location: 2F 1-1: Foul Ball, location: 2F 1-2: Ball 2-2: Strikes out swinging
|
Bottom of the 4th over - 0 run(s), 2 hit(s), 0 error(s), 3 left on base; Delaware 0 - Highwood 1 |
TOP OF THE 5TH |
Delaware 1787 BC batting - Pitching for Highwood Hawks : RHP Cisco Ortíz
|
Batting: RHB Felipe Bruno
|
0-0: Foul Ball, location: 2F 0-1: Swinging Strike 0-2: Ball 1-2: Foul Ball, location: 2F 1-2: Strikes out swinging
|
Batting: RHB Jorge Figueroa
|
0-0: Foul Ball, location: 2F 0-1: Ball 1-1: Called Strike 1-2: Ground out 4-3 (Groundball, 4)
|
Batting: RHB Rick McGuire
|
0-0: Called Strike 0-1: Foul Ball, location: 2F 0-2: Ball 1-2: Ground out 6-3 (Groundball, 6)
|
Top of the 5th over - 0 run(s), 0 hit(s), 0 error(s), 0 left on base; Delaware 0 - Highwood 1 |
BOTTOM OF THE 5TH |
Highwood Hawks batting - Pitching for Delaware 1787 BC : RHP Brian Fixel
|
Batting: RHB Júlio Becerra
|
0-0: Called Strike 0-1: Ground out 1-3 (Groundball, 13S)
|
Batting: LHB Curt Wilson
|
0-0: Called Strike 0-1: Foul Ball, location: 2F 0-2: Ball 1-2: SINGLE (Groundball, 34S)
|
Batting: RHB António Acosta
|
0-0: Ball 1-0: Foul Ball, location: 2F 1-1: Ball 2-1: Foul Ball, location: 2F 2-2: Strikes out swinging
|
Batting: LHB Scott Janousek
|
0-0: SINGLE (Flyball, 6MD) Curt Wilson to second
|
Batting: RHB James Hill
|
0-0: Foul Ball, location: 2F 0-1: Ball 1-1: Swinging Strike 1-2: Foul Ball, location: 2F 1-2: Ball 2-2: Ball 3-2: SINGLE (Groundball, 34) Curt Wilson to third Scott Janousek to second Curt Wilson scores Scott Janousek to third
|
Batting: RHB Robert Emmet Odlum
|
0-0: Called Strike 0-1: Called Strike 0-2: Strikes out looking
|
Bottom of the 5th over - 1 run(s), 3 hit(s), 0 error(s), 2 left on base; Delaware 0 - Highwood 2 |
TOP OF THE 6TH |
Delaware 1787 BC batting - Pitching for Highwood Hawks : RHP Cisco Ortíz
|
Batting: LHB Ward Wilberfoss
|
0-0: Called Strike 0-1: Foul Ball, location: 2F 0-2: Ball 1-2: Strikes out swinging
|
Batting: RHB Thurman Blumer
|
0-0: Ball 1-0: Called Strike 1-1: Ball 2-1: Ball 3-1: Foul Ball, location: 2F 3-2: Strikes out looking
|
Batting: RHB José López
|
0-0: Ground out 6-3 (Groundball, 6)
|
Top of the 6th over - 0 run(s), 0 hit(s), 0 error(s), 0 left on base; Delaware 0 - Highwood 2 |
BOTTOM OF THE 6TH |
Highwood Hawks batting - Pitching for Delaware 1787 BC : RHP Brian Fixel
|
Batting: RHB Rojo Nasution
|
0-0: Ball 1-0: Ball 2-0: Ball 3-0: Base on Balls
|
Batting: RHB Harry Freidricks
|
0-0: Bunted foul 0-1: Bunted foul 0-2: Ball 1-2: Foul Ball, location: 2F 1-2: Fielders Choice at 2nd, 5-4 (Groundball, 56)
|
Pitching: RHP Alfredo Muńóz
|
|
Batting: RHB Pepe Álvarez
|
0-0: Called Strike 0-1: Ball 1-1: Ball 2-1: Called Strike 2-2: Foul Ball, location: 2F 2-2: Fly out, F9 (Flyball, 9D)
|
Batting: RHB Júlio Becerra
|
0-0: Ball 1-0: Ground out 5-3 (Groundball, 5)
|
Bottom of the 6th over - 0 run(s), 0 hit(s), 0 error(s), 1 left on base; Delaware 0 - Highwood 2 |
TOP OF THE 7TH |
Delaware 1787 BC batting - Pitching for Highwood Hawks : RHP Cisco Ortíz
|
Batting: RHB Gianpaolo Monachino
|
0-0: Ball 1-0: Ball 2-0: Called Strike 2-1: Foul Ball, location: 2F 2-2: Fly out, F9 (Line Drive, 9D)
|
Batting: RHB Nobuhiko Nakayama
|
0-0: Ball 1-0: Ball 2-0: Ball 3-0: Called Strike 3-1: Called Strike 3-2: Base on Balls
|
Batting: RHB Gilberto Rodríguez
|
0-0: Called Strike 0-1: Fly out, F6 (Popup, 6)
|
Batting: RHB Felipe Bruno
|
0-0: DOUBLE (Line Drive, 8LXD) Nobuhiko Nakayama to third Runner from 3rd tries for Home, SAFE, no throw or cutoff
|
Pinch Hitting: RHB Nelson Torez
|
0-0: Called Strike 0-1: Ball 1-1: Ball 2-1: Ball 3-1: Base on Balls
|
Batting: RHB Rick McGuire
|
0-0: Called Strike 0-1: Fly out, F8 (Flyball, 8RXD)
|
Top of the 7th over - 1 run(s), 1 hit(s), 0 error(s), 2 left on base; Delaware 1 - Highwood 2 |
BOTTOM OF THE 7TH |
Highwood Hawks batting - Pitching for Delaware 1787 BC : RHP Alfredo Muńóz
|
Now at 2B: Raul Cate
|
|
Batting: LHB Curt Wilson
|
0-0: Ground out 4-3 (Groundball, 4M)
|
Batting: RHB António Acosta
|
0-0: Called Strike 0-1: Called Strike 0-2: DOUBLE (Popup, 5D)
|
Pinch Hitting: RHB Jim Unknown
|
0-0: Intentional Walk
|
Pinch Hitting: RHB Jim Unknown
|
0-0: Ball 1-0: Ball 2-0: Foul Ball, location: 2F 2-1: Ball 3-1: Base on Balls António Acosta to third Jim Unknown to second
|
Batting: RHB Robert Emmet Odlum
|
0-0: Ball 1-0: Swinging Strike 1-1: Ball 2-1: Foul Ball, location: 2F 2-2: Fly out, F9 (Flyball, 9M) Runner from 3rd tags up, SCORES, throw made
|
Batting: RHB Rojo Nasution
|
0-0: Called Strike 0-1: Ball 1-1: Foul Ball, location: 2F 1-2: Fly out, F4 (Popup, 4M)
|
Bottom of the 7th over - 1 run(s), 1 hit(s), 0 error(s), 2 left on base; Delaware 1 - Highwood 3 |
TOP OF THE 8TH |
Delaware 1787 BC batting - Pitching for Highwood Hawks : RHP Cisco Ortíz
|
Now at SS: Gabriel Pittman
|
|
Now in CF: Jim Unknown
|
|
Batting: LHB Ward Wilberfoss
|
0-0: Called Strike 0-1: Ball 1-1: Swinging Strike 1-2: SINGLE (Groundball, 3D)
|
Batting: RHB Thurman Blumer
|
0-0: Fly out, F5 (Popup, 5L)
|
Batting: RHB José López
|
0-0: Foul Ball, location: 2F 0-1: Ball 1-1: Ball 2-1: Foul Ball, location: 2F 2-2: Ball 3-2: Foul Ball, location: 2F 3-2: Strikes out swinging
|
Batting: RHB Gianpaolo Monachino
|
0-0: Ball 1-0: Swinging Strike 1-1: Ball 2-1: Swinging Strike 2-2: Strikes out looking
|
Top of the 8th over - 0 run(s), 1 hit(s), 0 error(s), 1 left on base; Delaware 1 - Highwood 3 |
BOTTOM OF THE 8TH |
Highwood Hawks batting - Pitching for Delaware 1787 BC : RHP Alfredo Muńóz
|
Batting: RHB Harry Freidricks
|
0-0: Ball 1-0: Called Strike 1-1: Ground out 6-3 (Groundball, 6)
|
Batting: RHB Pepe Álvarez
|
0-0: Called Strike 0-1: Swinging Strike 0-2: Ball 1-2: Strikes out looking
|
Batting: RHB Júlio Becerra
|
0-0: Ball 1-0: Swinging Strike 1-1: Ball 2-1: Ball 3-1: Foul Ball, location: 2F 3-2: Foul Ball, location: 2F 3-2: Foul Ball, location: 2F 3-2: Base on Balls
|
Batting: LHB Curt Wilson
|
0-0: Ball 1-0: Foul Ball, location: 2F 1-1: Ground out 4-3 (Groundball, 4)
|
Bottom of the 8th over - 0 run(s), 0 hit(s), 0 error(s), 1 left on base; Delaware 1 - Highwood 3 |
TOP OF THE 9TH |
Delaware 1787 BC batting - Pitching for Highwood Hawks : RHP Cisco Ortíz
|
Pitching: RHP Olegário Pa
|
|
Batting: RHB Nobuhiko Nakayama
|
0-0: Ground out 5-3 (Groundball, 56)
|
Batting: RHB Gilberto Rodríguez
|
0-0: Ball 1-0: Swinging Strike 1-1: Swinging Strike 1-2: Ball 2-2: Ground out 5-3 (Groundball, 56)
|
Batting: RHB Felipe Bruno
|
0-0: Swinging Strike 0-1: Ground out 1-3 (Groundball, 23)
|
Top of the 9th over - 0 run(s), 0 hit(s), 0 error(s), 0 left on base; Delaware 1 - Highwood 3 |
|